 Dungeon Crawl Stone Soup version 0.30-b1-2-g02819fbbbe (webtiles) character file.

Game seed: 15602739422998296778

145863 sanka the Scorcher (level 16, -14/96 HPs)
             Began as a Deep Elf Transmuter on May 9, 2023.
             Was the Champion of Vehumet.
             Killed from afar by Arachne (43 damage)
             ... with a poison arrow
             ... on level 4 of the Spider Nest.
             The game lasted 01:14:42 (28118 turns).

sanka the Scorcher (Deep Elf Transmuter)           Turns: 28118, Time: 01:14:43

Health: -14/96     AC: 16    Str:  7    XL:     16   Next: 88%
Magic:  14/34      EV: 10    Int: 33    God:    Vehumet [******]
Gold:   1022       SH:  0    Dex: 15    Spells: 1/39 levels left

rFire   + . .        u - staff of fire
rCold   . . .        (no shield)
rNeg    . . .        Y - +2 robe {Archmagi}
rPois   .            D - +2 helmet
rElec   .            M - +2 cloak
rCorr   .            V - +2 pair of gloves
SInv    +            p - +2 pair of boots
Will    +....        v - amulet of magic regeneration
Stlth   +            N - ring of see invisible
HPRegen 0.36/turn    x - +6 ring of intelligence
MPRegen 0.64/turn

%: archmagi
@: lethally poisoned (-14 -> -45), held
A: no striking features
a: Renounce Religion


You were on level 4 of the Spider Nest.
You worshipped Vehumet.
Vehumet was exalted by your worship.
You visited 4 branches of the dungeon, and saw 26 of its levels.
You also visited: Ossuary.

You collected 3192 gold pieces.
You spent 2170 gold pieces at shops.

Inventory:

Hand Weapons
 B - the +1 mace of Supply {drain, rElec rPois rC+ Str+2}
   (You found it on level 4 of the Dungeon)

   Str:       It affects your strength (+2).
   rC:        It protects you from cold.
   rElec:     It insulates you from electricity.
   rPois:     It protects you from poison.
 F - a +0 spectral lajatang
Armour
 p - a +2 pair of boots (worn)
 D - a +2 helmet (worn)
 M - a +2 cloak (worn)
 V - a +2 pair of gloves (worn)
 Y - a +2 robe of the Archmagi (worn)
Magical Staves
 u - a staff of fire (weapon)
Jewellery
 c - a ring of protection from cold
 g - a ring of wizardry
 v - an amulet of magic regeneration (around neck)
 x - a +6 ring of intelligence (right hand)
 J - a ring of willpower
 N - a ring of see invisible (left hand)
 R - a ring of protection from fire
Wands
 i - a wand of charming (40)
 w - a wand of mindburst (19)
 H - a wand of flame (46)
 I - a wand of light (7)
 L - a wand of iceblast (15)
 S - a wand of digging (5)
 T - a wand of polymorph (10)
Scrolls
 a - a scroll of enchant armour
 f - 8 scrolls of enchant weapon
 h - 8 scrolls of identify {@r1}
 j - 5 scrolls of magic mapping
 m - 5 scrolls of noise {!r}
 n - 5 scrolls of poison {!r}
 t - 2 scrolls of immolation {!r}
 y - 5 scrolls of fear
 A - 6 scrolls of blinking
 G - 3 scrolls of butterflies
 K - 6 scrolls of teleportation {@r4}
 O - 5 scrolls of fog
 P - 2 scrolls of silence {!r}
 X - a scroll of brand weapon
Potions
 b - 4 potions of lignification {!q}
 d - 2 potions of ambrosia
 e - 4 potions of magic
 k - 4 potions of flight
 l - 3 potions of attraction {!q}
 o - 2 potions of mutation {!q}
 q - 11 potions of curing {@q1}
 r - 12 potions of heal wounds {@q2}
 s - 9 potions of brilliance
 z - 7 potions of might
 C - 3 potions of berserk rage {!q}
 E - 2 potions of cancellation
 Q - 2 potions of invisibility
 W - a potion of haste {@q3}


   Skills:
 - Level 9.0 Fighting
 - Level 15.0 Dodging
 - Level 2.4 Unarmed Combat
 - Level 12.0 Spellcasting
 + Level 16.9 Conjurations
 - Level 2.1 Transmutations
 - Level 20.3 Fire Magic
 - Level 5.0 Air Magic
 - Level 5.0 Evocations


You had one spell level left.
You knew the following spells:

 Your Spells              Type           Power      Damage    Failure   Level
a - Beastly Appendage     Tmut           100%       N/A       1%          1
b - Iron Shot             Conj/Erth      42%        9d8       3%          6
c - Flame Wave            Conj/Fire      100%       2d21      0%          4
d - Sticky Flame          Conj/Fire      100%       2d11      0%          4
e - Plasma Beam           Fire/Air       62%        2x1d85    1%          6
f - Ignition              Fire           74%        3d19      1%          8
g - Fire Storm            Conj/Fire      72%        8d18      28%         9

Your spell library contained the following spells:

 Spells                   Type           Power      Damage    Failure   Level
 Conjure Ball Lightning   Conj/Air       47%        3x3d16    1%          6
 Foxfire                  Conj/Fire      100%       2x1d9     0%          1
 Magic Dart               Conj           100%       1d8       0%          1
 Summon Small Mammal      Summ           100%       N/A       2%          1
 Poisonous Vapours        Pois/Air       100%       N/A       1%          2
 Wereblood                Tmut           51%        N/A       1%          2
 Dazzling Flash           Conj/Hex       100%       N/A       1%          3
 Ignite Poison            Fire/Tmut/Pois 100%       N/A       1%          3
 Inner Flame              Hex/Fire       100%       N/A       1%          3
 Mephitic Cloud           Conj/Pois/Air  80%        N/A       1%          3
 Volatile Blastmotes      Fire/Tloc      100%       2d18      1%          3
 Iskenderun's Mystic Bla  Conj/Tloc      85%        2d17      1%          4
 Fireball                 Conj/Fire      72%        3d27      1%          5
 Freezing Cloud           Conj/Ice/Air   40%        6-21      1%          5
 Irradiate                Conj/Tmut      45%        3d26      1%          5
 Starburst                Conj/Fire      72%        6d19      1%          6
 Call Imp                 Summ           58%        N/A       3%          2
 Spider Form              Tmut/Pois      40%        N/A       4%          3
 Call Canine Familiar     Summ           29%        N/A       7%          3
 Portal Projectile        Hex/Tloc       58%        N/A       7%          3
 Summon Guardian Golem    Hex/Summ       29%        N/A       7%          3
 Ice Form                 Ice/Tmut       40%        N/A       14%         4
 Animate Dead             Necr           29%        N/A       22%         4
 Leda's Liquefaction      Hex/Erth       14%        N/A       22%         4
 Silence                  Hex/Air        26%        N/A       22%         5
 Blade Hands              Tmut           25%        N/A       26%         5
 Agony                    Necr           29%        N/A       54%         5
 Chain Lightning          Conj/Air       47%        3d63      99%         9
 Dragon Form              Tmut           25%        N/A       100%        7
 Haunt                    Necr/Summ      14%        N/A       100%        7
 Infestation              Necr           14%        N/A       100%        8
 Shatter                  Erth           14%        3d14*     100%        9


Dungeon Overview and Level Annotations

Branches:
Dungeon (15/15)            Temple (0/1) D:7            Lair (5/5) D:10
 Shoals (0/4) Lair:2       Spider (4/4) Lair:3        Slime (0/5) Lair:4
    Orc (2/2) D:12            Elf (0/3) Orc:2        Vaults (0/5) D:14
 Depths (0/4) D:15        Ossuary (visited)

Altars:
Ashenzari
Dithmenos
Elyvilon
Makhleb
Okawaru
Qazlal
Ru
Sif Muna
Trog
Vehumet
Xom
Yredelemnul
The Shining One

Shops:
D:4 :   D:13 :=[(!   Orc:1 ?[   Orc:2 (:[*

Annotations:
D:15 1 runed translucent door, brae's ghost, adept HuBe
Spider:4 Arachne


Message History

Vehumet accepts your kill.
You feel your power returning.
The fireball engulfs Arachne!!
Arachne is heavily wounded.
The fireball engulfs Arachne!!
Arachne is heavily wounded.
Arachne hits you but does no damage. Arachne envenoms you.
You are poisoned.
Unknown command.
Unknown command.
Unknown command.
Casting: Ignition (dangerous; 1% risk of failure)
Confirm with . or Enter, or press ? or * to list all spells.
Casting: Plasma Beam (dangerous; 1% risk of failure)
Press: ? - help, Dir - look around, f - activate You feel a strong surge of power!
The bolt of lightning hits Arachne!!
Arachne is severely wounded.
The fiery plasma hits Arachne!!
Arachne is almost dead.
You feel sick.
Arachne points her staff at you, shooting a stream of webbing.
The stream of webbing misses you.
Arachne's staff shoots out a stream of webbing.
The stream of webbing hits you but does no damage.
You are caught in a web!
Unknown command.
Unknown command.
Casting: Plasma Beam (dangerous; 1% risk of failure)
Confirm with . or Enter, or press ? or * to list all spells.
Casting: Plasma Beam (dangerous; 1% risk of failure)
Press: ? - help, Dir - look around, f - activate You feel a strong surge of power!
The bolt of lightning hits Arachne!
Arachne is almost dead.
The fiery plasma hits Arachne.
Arachne is almost dead.
You feel sick.
You are no longer poisoned.
Arachne casts a spell at you. The poison arrow hits you!!!
You are lethally poisoned!
You die...

.#.#..#............#...########
.#^.^.....#.†..<.#..####
......##......#.......^##
...s#^........#..##.....#
###.......†#.###.^..#...#
###s....#..###...##...#.^
##H#......###.#...#....
##................^.#.
#...#s#...@H.........
#...#...^##†.###..)#..#
#..#^.#^#..#^........#
##...#.........##....###
##........#.#..#......
#.....##.^##...#......
##..#########^s#...# ####
##..#..#..# #...^....#


You could see Arachne.

Vanquished Creatures
  Rupert (D:14)
  Jorgrun (D:14)
  Mlioglotl (Spider:2)
  4 ghost moths
  2 orc warlords (Orc:2)
  A stone giant (D:15)
  The ghost of windycow the Grappler, a journeyman TrHW of Gozag (Lair:3)
  2 spark wasps
  6 entropy weavers
  5 hydras
  2 jorogumos
  A vault guard (D:14)
  An ogre mage (D:15)
  5 boulder beetles
  2 centaur warriors
  3 two-headed ogres
  6 death yaks
  2 radroaches
  4 tengu warriors
  An orc high priest (Orc:2)
  5 skeletal warriors (D:11)
  4 skysharks
  Lodul (D:14)
  6 pharaoh ants
  2 goliath frogs (Lair:5)
  A sun moth (Spider:1)
  8 orb spiders
  2 wizards (D:14)
  4 orc knights (Orc:2)
  A necromancer (D:14)
  3 deep elf pyromancers
  5 steelbarb worms
  5 orc sorcerers
  6 manticores
  14 wolf spiders
  5 cyclopes
  4 ugly things
  Maurice (D:8)
  A merfolk siren (Lair:2)
  Joseph (D:7)
  6 torpor snails
  19 elephants
  2 black mambas
  7 demonic crawlers
  16 cane toads
  Maggie (D:10)
  A kobold demonologist (D:10)
  An unseen horror (D:11)
  An unseen horror (shapeshifter) (D:14)
  The ghost of MrCrawl the Black Sun, a novice DsNe of Kikubaaqudgha (D:7)
  13 komodo dragons
  A rime drake (Lair:5)
  A tengu conjurer (D:12)
  2 efreet (D:15)
  8 trolls
  22 tarantellas
  2 tyrant leeches (Lair:5)
  5 polar bears
  17 blink frogs
  7 dream sheep (Lair:5)
  A culicivora (shapeshifter) (D:14)
  5 slime creatures (D:13)
  22 jumping spiders
  2 vampires (D:11)
  20 culicivoras
  2 wraiths
  3 wyverns
  A shadow (D:10)
  47 yaks
  5 basilisks
  20 humans (D:14)
  Menkaure (D:6)
  21 vampire mosquitoes
  51 redbacks
  2 wargs (Orc:1)
  4 acid dragons
  18 water moccasins
  33 orc warriors
  An ice beast (D:6)
  3 black bears
  A meliai simulacrum (D:10)
  The ghost of BobG the Poker, an amateur MiBe of Yredelemnul (D:3)
  15 ogres
  12 wolves
  9 centaurs
  A phantom (D:5)
  3 kobold brigands
  14 bullfrogs
  8 scorpions
  13 wights
  3 killer bees (D:10)
  10 howler monkeys
  6 electric eels
  2 centaur zombies (Ossuary)
  Crazy Yiuf (D:3)
  3 hounds
  6 jellies
  17 orc priests
  A sleepcap (D:4)
  4 iguanas
  27 orc wizards
  6 mummies (Ossuary)
  9 adders
  4 white imps
  An ufetubus (D:5)
  2 worms (D:4)
  2 dart slugs
  85 orcs
  7 ball pythons
  8 bats
  6 endoplasms
  4 giant cockroaches
  11 goblins
  11 hobgoblins
  8 jackals (D:1)
  5 quokkas
  2 frilled lizards
  6 hobgoblin zombies (Ossuary)
  A jackal zombie (D:3)
  9 kobolds
  A quokka zombie (D:3)
  2 rats (D:3)
  2 bushes (D:9)
  A butterfly (D:9)
875 creatures vanquished.

Vanquished Creatures (others)
  84 fungi
  136 plants
220 creatures vanquished.

Grand Total: 1095 creatures vanquished

Notes
Turn   | Place    | Note
-------+----------+-------------------------------------------
     0 | D:1      | sanka the Deep Elf Transmuter began the quest for the Orb.
     0 | D:1      | Reached XP level 1. HP: 11/11 MP: 6/6
    34 | D:1      | Reached skill level 1 in Fighting
   166 | D:1      | Reached XP level 2. HP: 13/16 MP: 8/8
   285 | D:1      | You fall into a shaft and drop 1 floor!
   487 | D:2      | Reached XP level 3. HP: 20/20 MP: 8/10
   491 | D:2      | Learned a level 3 spell: Spider Form
  1670 | D:2      | Reached XP level 4. HP: 25/25 MP: 10/12
  2050 | D:3      | Found a runed translucent gate.
  2050 | D:3      | Found a runed translucent gate.
  2050 | D:3      | Found a runed translucent gate.
  2050 | D:3      | Noticed BobG's ghost (amateur MiBe)
  2053 | D:3      | Found a basalt altar of Yredelemnul.
  2067 | D:3      | Reached skill level 5 in Spellcasting
  2244 | D:3      | Found a runed translucent door.
  2245 | D:3      | Noticed Crazy Yiuf
  2454 | D:3      | Found a glowing golden altar of the Shining One.
  2512 | D:3      | Reached XP level 5. HP: 29/29 MP: 15/15
  3028 | D:4      | Found a radiant altar of Vehumet.
  3083 | D:4      | Became a worshipper of Vehumet
  3214 | D:4      | Found Wythypt's Book Shoppe.
  3295 | D:4      | Learned a level 4 spell: Flame Wave
  3316 | D:4      | Reached skill level 1 in Conjurations
  3316 | D:4      | Reached skill level 1 in Fire Magic
  3398 | D:4      | Identified the +1 mace of Supply {drain, rElec rPois rC+
                  | Str+2}
  3789 | D:5      | Entered Level 5 of the Dungeon
  3832 | D:5      | Reached skill level 2 in Fire Magic
  3840 | D:5      | Noticed a water moccasin
  3843 | D:5      | Reached XP level 6. HP: 30/34 MP: 17/17
  3996 | D:5      | Found a broken altar of Ashenzari.
  4109 | D:5      | Reached skill level 3 in Fire Magic
  4223 | D:5      | Found a shimmering altar of Xom.
  4250 | D:5      | Reached XP level 7. HP: 37/38 MP: 10/19
  4378 | D:5      | Reached skill level 4 in Fire Magic
  4545 | D:5      | Learned a level 4 spell: Sticky Flame
  4685 | D:6      | Reached skill level 5 in Conjurations
  4692 | D:6      | Reached skill level 5 in Fire Magic
  4771 | D:6      | Noticed Menkaure
  4778 | D:6      | Killed Menkaure
  4800 | D:6      | Found a sand-covered staircase.
  4821 | Ossuary  | Entered an ossuary
  4825 | Ossuary  | Reached * piety under Vehumet
  4825 | Ossuary  | Offered knowledge of Foxfire by Vehumet.
  4831 | Ossuary  | Reached XP level 8. HP: 43/43 MP: 7/20
  5067 | D:6      | Reached skill level 6 in Fire Magic
  5616 | D:7      | Reached XP level 9. HP: 47/47 MP: 21/21
  5688 | D:7      | Noticed Joseph
  5703 | D:7      | HP: 1/47 [Joseph/+0 quarterstaff (4)]
  5704 | D:7      | Killed Joseph
  5705 | D:7      | Reached skill level 7 in Fire Magic
  5888 | D:7      | Found a staircase to the Ecumenical Temple.
  6247 | D:7      | Offered knowledge of Freeze by Vehumet.
  6482 | D:7      | Found a runed translucent gate.
  6482 | D:7      | Found a runed translucent gate.
  6482 | D:7      | Found a runed translucent gate.
  6482 | D:7      | Noticed MrCrawl's ghost (novice DsNe)
  6825 | D:8      | Reached ** piety under Vehumet
  6898 | D:8      | Reached XP level 10. HP: 56/56 MP: 15/22
  7072 | D:8      | Noticed Maurice
  7100 | D:8      | Killed Maurice
  7149 | D:8      | Found an iron altar of Okawaru.
  7759 | D:9      | Found a sacrificial altar of Ru.
  7818 | D:9      | Offered knowledge of Scorch by Vehumet.
  7859 | D:9      | Found a white marble altar of Elyvilon.
  7949 | D:9      | Found a stormy altar of Qazlal.
  8004 | D:9      | Found a shadowy altar of Dithmenos.
  8050 | D:9      | Reached *** piety under Vehumet
  8097 | D:9      | Found a bloodstained altar of Trog.
  8172 | D:9      | Reached skill level 15 in Dodging
  8205 | D:9      | Found a burning altar of Makhleb.
  8510 | D:10     | Entered Level 10 of the Dungeon
  8578 | D:10     | Reached skill level 5 in Fighting
  8580 | D:10     | Reached skill level 1 in Air Magic
  8695 | D:10     | Offered knowledge of Fulminant Prism by Vehumet.
  8699 | D:10     | Reached skill level 8 in Fire Magic
  8699 | D:10     | Reached XP level 11. HP: 42/63 MP: 18/23
  8793 | D:10     | Found a staircase to the Lair.
  8800 | D:10     | Found a large runed translucent door.
  8800 | D:10     | Found a large runed translucent door.
  8819 | D:10     | Identified the +5 dagger of the Pit {chaos, Str+3}
  8938 | D:10     | Noticed Maggie
  8941 | D:10     | Reached **** piety under Vehumet
  8943 | D:10     | Reached skill level 9 in Fire Magic
  8944 | D:10     | Killed Maggie
  8945 | D:10     | Reached skill level 5 in Air Magic
  9014 | D:10     | Found a shimmering blue altar of Sif Muna.
  9161 | D:10     | Found a shimmering altar of Xom.
  9163 | D:10     | Noticed a purple ugly thing
  9561 | D:10     | Noticed a red ugly thing
  9831 | D:11     | Offered knowledge of Lee's Rapid Deconstruction by Vehumet.
  9915 | D:11     | Reached skill level 10 in Fire Magic
 10164 | D:4      | Bought a book of Fire for 528 gold pieces
 10171 | D:4      | Learned a level 6 spell: Plasma Beam
 10390 | D:11     | Noticed a skeletal warrior
 10392 | D:11     | Killed a skeletal warrior
 10392 | D:11     | Noticed a skeletal warrior
 10392 | D:11     | Noticed a skeletal warrior
 10408 | D:11     | Killed a skeletal warrior
 10520 | D:11     | Noticed a green ugly thing
 10526 | D:11     | Killed a green ugly thing
 10527 | D:11     | Reached skill level 11 in Fire Magic
 11154 | D:11     | Noticed a skeletal warrior
 11157 | D:11     | Killed a skeletal warrior
 11221 | D:11     | Noticed a skeletal warrior
 11229 | D:11     | Killed a skeletal warrior
 11432 | Lair:1   | Entered Level 1 of the Lair of Beasts
 11436 | Lair:1   | Reached XP level 12. HP: 42/68 MP: 22/27
 11774 | Lair:1   | Reached skill level 12 in Fire Magic
 12647 | Lair:2   | Reached skill level 10 in Spellcasting
 12684 | Lair:2   | Found a staircase to the Shoals.
 13377 | Lair:2   | Reached skill level 13 in Fire Magic
 13379 | Lair:2   | Noticed a seven-headed hydra
 13380 | Lair:2   | Killed a seven-headed hydra
 13586 | Lair:2   | Noticed an eight-headed hydra
 13587 | Lair:2   | Killed an eight-headed hydra
 13900 | Lair:3   | Found a runed translucent gate.
 13900 | Lair:3   | Found a runed translucent gate.
 13900 | Lair:3   | Found a runed translucent gate.
 13905 | Lair:3   | Noticed windycow's ghost (journeyman TrHW)
 13924 | Lair:3   | Reached ***** piety under Vehumet
 13947 | Lair:3   | Offered knowledge of Iron Shot by Vehumet.
 13961 | Lair:3   | Reached skill level 14 in Fire Magic
 14091 | Lair:3   | Found a hole to the Spider Nest.
 14794 | Lair:4   | Reached XP level 13. HP: 72/72 MP: 20/30
 14892 | Lair:4   | Learned a level 6 spell: Iron Shot
 15163 | Lair:4   | Reached skill level 15 in Fire Magic
 15226 | Lair:4   | Found a staircase to the Slime Pits.
 15420 | Lair:4   | Reached skill level 16 in Fire Magic
 16288 | Lair:4   | Found a staircase to the Slime Pits.
 16483 | Lair:5   | Entered Level 5 of the Lair of Beasts
 16563 | Lair:5   | Reached skill level 17 in Fire Magic
 16566 | Lair:5   | Offered knowledge of Arcjolt by Vehumet.
 16923 | Lair:5   | Reached skill level 18 in Fire Magic
 16931 | Lair:5   | Reached XP level 14. HP: 78/78 MP: 22/32
 17230 | Lair:5   | Reached skill level 19 in Fire Magic
 18105 | D:3      | Killed Crazy Yiuf
 18184 | D:3      | Killed BobG's ghost
 18330 | D:7      | Killed MrCrawl's ghost
 18429 | D:4      | Bought an Everburning Encyclopedia for 432 gold pieces
 18438 | D:4      | Learned a level 8 spell: Ignition
 18877 | D:12     | Found a staircase to the Orcish Mines.
 19246 | D:12     | Reached skill level 1 in Evocations
 19590 | Orc:1    | Entered Level 1 of the Orcish Mines
 19591 | Orc:1    | Offered knowledge of Orb of Destruction by Vehumet.
 20158 | Orc:1    | Found Seypn's Armour Boutique.
 20185 | Orc:1    | Found Peankouxt's Magic Scroll Boutique.
 20288 | Orc:2    | Entered Level 2 of the Orcish Mines
 20288 | Orc:2    | Found a staircase to the Elven Halls.
 20346 | Orc:2    | Noticed an orc warlord
 20347 | Orc:2    | Killed an orc warlord
 20348 | Orc:2    | Reached skill level 20 in Fire Magic
 20348 | Orc:2    | Noticed an orc warlord
 20351 | Orc:2    | Reached skill level 5 in Evocations
 20355 | Orc:2    | Killed an orc warlord
 20515 | Orc:2    | Found a radiant altar of Vehumet.
 20612 | Orc:2    | Found Tebrid's Antique Weapon Shoppe.
 20638 | Orc:2    | Found Jaifuxa's Book Shop.
 20789 | Orc:2    | Found Hoeg's General Store.
 20803 | Orc:2    | Found Peodo's Antique Armour Emporium.
 21169 | D:13     | Offered knowledge of Irradiate by Vehumet.
 21229 | D:13     | Found Borinol's Armour Shop.
 21230 | D:13     | Found Ahenlub's Distillery.
 21301 | D:13     | Found Efusie's Jewellery Boutique.
 21304 | D:13     | Found Waonusy's Antique Weapon Shoppe.
 21309 | D:13     | Bought a potion of haste for 190 gold pieces
 21310 | D:13     | Found Huehoq's Book Shop.
 21516 | D:13     | Reached XP level 15. HP: 84/84 MP: 25/33
 21950 | D:14     | Noticed Jorgrun
 21956 | D:14     | Killed Jorgrun
 22118 | D:14     | Noticed Rupert
 22139 | D:14     | Noticed Lodul
 22142 | D:14     | Killed Lodul
 22383 | D:14     | Found a gate to the Vaults.
 22840 | D:14     | Killed Rupert
 22901 | D:15     | Entered Level 15 of the Dungeon
 23091 | D:15     | Identified the +3 spear "Ukhligrei" {heavy, rCorr Stlth+}
 23093 | D:15     | Found a runed translucent door.
 23093 | D:15     | Identified the amulet of Aklaimor {rPois Regen+ Int+6}
 23093 | D:15     | Noticed brae's ghost (adept HuBe)
 23180 | D:15     | Found a staircase to the Depths.
 23702 | D:15     | Reached ****** piety under Vehumet
 24275 | Lair:3   | Killed windycow's ghost
 24362 | Spider:1 | Entered Level 1 of the Spider Nest
 24374 | Spider:1 | Reached skill level 10 in Conjurations
 24480 | Spider:1 | Offered knowledge of Ozocubu's Refrigeration by Vehumet.
 25405 | Orc:2    | Bought a book of Annihilations for 1020 gold pieces
 25415 | Orc:2    | Learned a level 9 spell: Fire Storm
 25902 | Spider:2 | Reached XP level 16. HP: 96/96 MP: 26/34
 26359 | Spider:2 | Offered knowledge of Yara's Violent Unravelling by Vehumet.
 26364 | Spider:2 | Noticed Mlioglotl
 26407 | Spider:2 | Killed Mlioglotl
 26870 | Spider:3 | Reached skill level 15 in Conjurations
 27480 | Spider:4 | Entered Level 4 of the Spider Nest
 27584 | Spider:4 | Offered knowledge of Conjure Ball Lightning by Vehumet.
 28085 | Spider:4 | Noticed Arachne
 28118 | Spider:4 | Killed from afar by Arachne

Illustrated notes

Levels and vault maps discovered:
D:1:      dpeg_arrival_rhombus, layout_basic, st_stairs_1
D:2:      minmay_alternating_diamond, layout_loops_ring
D:3:      layout_loops_ring, nicolae_yredelemnul_ghost_church,
          nicolae_tso_swordbearing_angel, uniq_crazy_yiuf_cottage
D:4:      layout_loops_ring, fiery_altar_vehumet, serial_shops, shop
D:5:      layout_loops_ring, evilmike_ruin_ashenzari, xom_butterflies
D:6:      layout_loops_ring, nicolae_ossuary_entry_ruins, uniq_menkaure
D:7:      layout_basic, minmay_temple_entry_ruins, ebering_ghost_rock_garden,
          grunt_decor_one_mirror, uniq_joseph
D:8:      old_forge, layout_basic, mainiacjoe_overflow_tiny_flanked,
          serial_rivers, chequers_serial_rivers_small_3,
          chequers_serial_rivers_large_b, chequers_serial_rivers_micro_a,
          chequers_serial_rivers_micro_a, uniq_maurice
D:9:      layout_roguey, nicolae_qazlal_general_emergency,
          nicolae_elyvilon_peaceful_grove, mainiacjoe_overflow_24_doors,
          mainiacjoe_overflow_six_doors_small, nicolae_overflow_crystal_walls,
          kennysheep_mini
D:10:     due_chaos_kobolds, layout_layer_cave, tgw_sif,
          due_lair_maze_entry_diamond, serial_ice, serial_ice_i, serial_ice_e,
          serial_ice_b, serial_ice_c, uniq_maggie
D:11:     layout_roguey
D:12:     layout_irregular_city, hiddenorc2_lemuel
D:13:     layout_basic, nicolae_shop_national_dungeon_mall, grunt_ministairs_12,
          solitary_fountain
D:14:     layout_roguey, grunt_vaults_entry_tiered, palyth_stone_intersect,
          uniq_rupert, uniq_jorgrun, uniq_lodul
D:15:     grunt_enter_depths_snipers, layout_basic, serial_corexii_hall,
          corexii_hall_statues_l, corexii_hall_statues_x,
          ebering_ghost_funeral_grove
Lair:1:   layout_cave_pods, grunt_megastairs_2
Lair:2:   cheibrodos_lair_river_kwai, layout_long_grid,
          minmay_shoals_entry_lonely_mermaid, serial_bayou,
          serial_bayou_shore_a, serial_bayou_crossing, serial_bayou_pond_e,
          serial_bayou_lake_a, lemuel_fruit_tree
Lair:3:   layout_regular_city, dummy_spider_entry, gammafunk_ghost_split
Lair:4:   layout_gridlike, nicolae_slime_entry_field_trip,
          infiniplex_staircase_pool_2
Lair:5:   minmay_lair_end_frog_pond, layout_long_grid, st_stairs_13
Spider:1: layout_spider_delve
Spider:2: layout_spider_delve, nicolae_spider_nook, uniq_mlioglotl
Spider:3: layout_spider_delve
Spider:4: hellmonk_spider_rune_endless_swarm, einodemon_crawler_minivault,
          uniq_arachne
Orc:1:    layout_caves, serial_shops, nicolae_shop_rolling_square,
          nicolae_shop_just_a_little_nook, minmay_orc_keep
Orc:2:    grunt_orc_gardens, layout_caves, grunt_orc_garden, grunt_orc_garden,
          grunt_orc_garden, grunt_orc_garden, basic_altar

Skill      XL: |  1  2  3  4  5  6  7  8  9 10 11 12 13 14 15 16 |
---------------+-------------------------------------------------+-----
Fighting       | 1 3 5 6 9 |  9.0
Dodging        | 3 14 15 | 15.0
Spellcasting   | 4 6 7 9 11 12 | 12.0
Conjurations   | 2 3 5 6 7 12 16 | 16.9
Fire Magic     | 2 3 5 6 7 8 11 14 18 20 | 20.3
Air Magic      | 3 5 |  5.0
Evocations     | 5 |  5.0
Unarmed Combat | |  2.4
Transmutations | |  2.1

Action                     |  1- 3 |  4- 6 |  7- 9 | 10-12 | 13-15 | 16-18 || total
---------------------------+-------+-------+-------+-------+-------+-------++-------
  Melee: Unarmed           |   135 |   134 |       |       |       |       ||   269
         Kick              |    15 |    16 |       |       |       |       ||    31
         Headbutt          |    16 |     7 |       |       |       |       ||    23
         Punch             |     1 |     1 |       |       |     2 |       ||     4
         Staff             |    19 |       |     6 |    14 |    56 |     1 ||    96
         Mace              |       |    21 |       |       |       |       ||    21
   Cast: Beastly Appendage |    19 |    19 |       |       |       |       ||    38
         Spider Form       |     3 |    14 |     1 |       |       |       ||    18
         Flame Wave        |       |     3 |    32 |    76 |    22 |       ||   133
         Sticky Flame      |       |       |    20 |     2 |       |       ||    22
         Plasma Beam       |       |       |       |    65 |   276 |    89 ||   430
         Ignition          |       |       |       |       |    21 |    32 ||    53
Ability: End Transformatio |       |     1 |       |       |       |       ||     1
  Evoke: Wand              |       |       |       |     2 |     2 |       ||     4
    Use: Potion            |       |     1 |     2 |       |       |     4 ||     7
         Scroll            |       |    16 |     5 |     5 |     9 |     1 ||    36
   Stab: Sleeping          |     1 |       |       |       |       |       ||     1
 Armour: Robe              |    16 |    16 |    17 |    14 |    12 |    17 ||    92
         Skin              |     1 |     1 |       |       |       |       ||     2
         Steam dragon scal |       |       |       |    21 |    33 |       ||    54
  Dodge: Dodged            |   114 |   141 |    38 |   160 |   185 |    48 ||   686
